AoeStats
← Djordijeager

Arabian Desert

508611406Analyzed
1v1 RM · 9d ago on Sep 23, 2026· 33m 30s· 2 players
Game mode
Random Map
Map size
Tiny (2 player)
Population
200
Speed
Normal
Resources
Standard
Victory
Conquest
Starting age
Dark Age
Ending age
Imperial Age
RankedLock teamsTeams togetherTeam positionsShared explorationLock speedFull tech treeHidden civsTurbo modeCheats
Victory
Defeat
🇪🇸 Malay · Spain
793
+17
🇳🇱 Teutons · Netherlands
823
-44
peeeudro
0:28 Loom
11:48 Feudal Age
12:10 Double-Bit Axe
12:09 Horse Collar
13:09 Gold Mining
16:35 Fletching
19:28 Man-at-Arms
26:18 Castle Age
25:28 Elite Skirmisher
26:21 Thumb Ring
25:39 Crossbowman
35:25 Imperial Age
35:33 Imperial Age
33:23 Bow Saw
Djordijeager
11:31 Feudal Age
13:19 Double-Bit Axe
18:05 Horse Collar
22:23 Man-at-Arms
31:48 Castle Age
31:55 Pikeman
Connection lost

Rejoining the realm…

Still unreachable

The connection could not be restored.

Session expired

The server has moved on; the page needs a fresh start.